 Dungeon Crawl Stone Soup version 0.31-a0-164-g2312942fda (webtiles) character file.

Game seed: 11006050433045355566

83 qw the Shooter (level 4, -4/40 HPs)
             Began as a Naga Hunter on June 13, 2023.
             Slain by Terence
             ... wielding a +0 mace
              (7 damage)
             ... on level 3 of the Dungeon.
             The game lasted 00:00:36 (2111 turns).

qw the Shooter (Naga Hunter)                        Turns: 2111, Time: 00:00:37

Health: -4/40      AC:  2    Str: 19    XL:     4   Next: 44%
Magic:  4/4        EV:  9    Int: 12    God:
Gold:   134        SH:  0    Dex: 16    Spells: 3/3 levels left

rFire   . . .        o - +7 sling of Pandemonium {flame, Int+2}
rCold   . . .        (no shield)
rNeg    . . .        c - +0 leather armour
rPois   +            (no helmet)
rElec   .            (no cloak)
rCorr   .            (no gloves)
SInv    +            (no barding)
Will    .....        (no amulet)
Stlth   ++           e - +6 ring of strength
HPRegen 0.26/turn    (no ring)
MPRegen 0.09/turn

%: no passive effects
@: about to teleport, short of breath, very slow
A: AC +1, large, see invisible, deformed body, poison resistance, slowness 2,
spit poison 1, naga tail 1
a: Spit Poison


You were on level 3 of the Dungeon.
You visited 1 branch of the dungeon, and saw 3 of its levels.

You collected 134 gold pieces.


Innate Abilities, Weirdness & Mutations

Your serpentine skin is tough. (AC +1)
You have supernaturally acute eyesight. (SInv)
Armour fits poorly on your strangely shaped body.
Your system is resistant to poisons. (rPois)
You cover ground very slowly.
You can spit poison.
You have a snake-like lower body.


   Skills:
 + Level 2.4 Fighting
 - Level 5.0 Ranged Weapons
 - Level 1.5 Dodging
 - Level 1.5 Stealth


You had 3 spell levels left.
You didn't know any spells.
Your spell library was empty.

Inventory:

Hand Weapons
 o - the +7 sling of Pandemonium (weapon) {flame, Int+2}
   (You found it on level 2 of the Dungeon)

   Int:       It affects your intelligence (+2).
Armour
 c - a +0 leather armour (worn)
Jewellery
 e - a +6 ring of strength (left hand)
Scrolls
 a - a scroll of enchant weapon
 b - a scroll of brand weapon
 l - a scroll of enchant armour
Potions
 d - a potion of magic {unknown}
 g - a potion of brilliance {unknown}
 h - a potion of invisibility {unknown}
 j - a potion of heal wounds {unknown}
 k - a potion of might {unknown}
 n - a potion of lignification {unknown}

Dungeon Overview and Level Annotations

Branches:
Dungeon (3/15)

Altars:
Fedhas
Trog

Shops:
D:1 *

Annotations:
D:3 Terence


Message History

The sling bullet hits Terence but does no damage.
Terence is heavily wounded.
You shoot a sling bullet.
The sling bullet closely misses Terence.
You have got your breath back.
The orc hits you but does no damage.
Terence bares his teeth.
Terence hits you with a +0 mace.
2105 ||| INVOKING Spit Poison.
Aiming: Spit Poison (1% risk of failure)
Press: ? - help, Shift-Dir - straight line, f/p - Terence The splash of poison hits Terence.
Terence is severely wounded.
Terence says, "Time to say good-bye..."
Terence barely misses you. The orc hits you with a +0 club.
You shoot a sling bullet. The sling bullet barely misses Terence.
Terence hits you with a +0 mace. The orc barely misses you.
You shoot a sling bullet.
The sling bullet closely misses Terence.
You have got your breath back.
Terence hits you with a +0 mace! The orc hits you with a +0 club.
2108 ||| INVOKING Spit Poison.
Aiming: Spit Poison (1% risk of failure)
Press: ? - help, Shift-Dir - straight line, f/p - Terence The splash of poison hits Terence.
Terence is severely wounded.
Terence hits you with a +0 mace. The orc hits you with a +0 club.
You shoot a sling bullet.
The sling bullet closely misses Terence.
Terence bares his teeth.
Terence hits you with a +0 mace! The orc barely misses you.
2110 ||| READING scroll of teleportation.
As you read the scroll of teleportation, it crumbles to dust.
You feel strangely unstable. Terence misses you.
The orc hits you with a +0 club.
You shoot a sling bullet.
The sling bullet hits Terence but does no damage.
Terence is severely wounded.
Terence hits you with a +0 mace!
You die...

#........# ###
#......#.# ...
#......#.# # #.###
#......... #.
#...####......#.#
#.#####...........#.#
..)#...####........#
##@#.### ###.######
#..@..# #.# #.#o#.#
#+# #...#.# #.###)#
#. ..# # .## . .. #


You could see Terence (resistant) and an orc.

Vanquished Creatures
  5 adders
  2 worms (D:2)
  A dart slug (D:3)
  3 endoplasms
  2 giant cockroaches
  4 goblins
  3 hobgoblins
  3 kobolds
  3 ball pythons (D:1)
  5 frilled lizards
  3 rats
34 creatures vanquished.

Vanquished Creatures (others)
  A wizard (D:3)
1 creature vanquished.

Grand Total: 35 creatures vanquished

Notes
Turn   | Place    | Note
-------+----------+-------------------------------------------
     0 | D:1      | qw the Naga Hunter began the quest for the Orb.
     0 | D:1      | Reached XP level 1. HP: 19/19 MP: 1/1
     0 | D:1      | 0 ||| qw: Version: 0.2-a-29-gc1b59c4
     0 | D:1      | 0 ||| qw: Game counter: 4535
     0 | D:1      | 0 ||| qw: Always use a shield: true
     0 | D:1      | 0 ||| qw: God list: Okawaru
     0 | D:1      | 0 ||| qw: Allow faded altars: false
     0 | D:1      | 0 ||| qw: Do Orc after D:15 true
     0 | D:1      | 0 ||| qw: Do second Lair branch before Depths: true
     0 | D:1      | 0 ||| qw: Lair rune preference: random
     0 | D:1      | 0 ||| qw: Plans: Normal
     0 | D:1      | 0 ||| PLANNING D:1-11
    30 | D:1      | 30 ||| INVOKING Spit Poison.
    53 | D:1      | 53 ||| INVOKING Spit Poison.
    98 | D:1      | 98 ||| INVOKING Spit Poison.
   179 | D:1      | 179 ||| INVOKING Spit Poison.
   180 | D:1      | Reached skill level 4 in Ranged Weapons
   180 | D:1      | Reached XP level 2. HP: 26/26 MP: 2/2
   291 | D:1      | 291 ||| INVOKING Spit Poison.
   331 | D:1      | Found a faded altar of an unknown god.
   338 | D:1      | 338 ||| INVOKING Spit Poison.
   358 | D:1      | 358 ||| INVOKING Spit Poison.
   360 | D:1      | Found Rauneytz's Assorted Antiques.
   364 | D:1      | 364 ||| INVOKING Spit Poison.
   369 | D:1      | 369 ||| INVOKING Spit Poison.
   401 | D:1      | 401 ||| SHOPLISTING bubbling emerald potion (24 gold, have
                  | 14).
   401 | D:1      | 401 ||| SHOPLISTING scroll labelled NYEHUMPO IBRUZ (27
                  | gold, have 14).
   401 | D:1      | 401 ||| SHOPLISTING scroll labelled SIMYNU PEFAIT (27 gold,
                  | have 14).
   407 | D:1      | 407 ||| INVOKING Spit Poison.
   473 | D:1      | 473 ||| INVOKING Spit Poison.
   579 | D:1      | 579 ||| INVOKING Spit Poison.
   790 | D:1      | 790 ||| READING scroll labelled KIBESI DAXKECK.
   791 | D:1      | 791 ||| READING scroll labelled SIMYNU PEFAIT.
   792 | D:1      | 792 ||| READING 2 scrolls labelled FAINNI MIETIRPH.
   797 | D:1      | 797 ||| READING scroll labelled QOIKHLI IRAIM.
   798 | D:1      | 798 ||| DROPPING scroll of butterflies.
   829 | D:2      | 829 ||| INVOKING Spit Poison.
   831 | D:2      | 831 ||| STAIRDANCE
   835 | D:1      | 835 ||| INVOKING Spit Poison.
   838 | D:1      | 838 ||| INVOKING Spit Poison.
   843 | D:1      | 843 ||| INVOKING Spit Poison.
   844 | D:1      | Reached XP level 3. HP: 12/32 MP: 3/3
   923 | D:2      | 923 ||| INVOKING Spit Poison.
   973 | D:2      | 973 ||| INVOKING Spit Poison.
   979 | D:2      | 979 ||| INVOKING Spit Poison.
   980 | D:2      | 980 ||| INVOKING Spit Poison.
   983 | D:2      | 983 ||| INVOKING Spit Poison.
  1061 | D:2      | 1061 ||| INVOKING Spit Poison.
  1184 | D:2      | 1184 ||| INVOKING Spit Poison.
  1266 | D:2      | 1266 ||| INVOKING Spit Poison.
  1292 | D:2      | Found a blossoming altar of Fedhas.
  1297 | D:2      | 1297 ||| INVOKING Spit Poison.
  1299 | D:2      | Reached skill level 5 in Ranged Weapons
  1299 | D:2      | Reached XP level 4. HP: 39/39 MP: 4/4
  1338 | D:2      | 1338 ||| INVOKING Spit Poison.
  1342 | D:2      | 1342 ||| INVOKING Spit Poison.
  1378 | D:2      | 1378 ||| INVOKING Spit Poison.
  1381 | D:2      | 1381 ||| INVOKING Spit Poison.
  1676 | D:2      | 1676 ||| INVOKING Spit Poison.
  1679 | D:2      | Identified the +7 sling of Pandemonium {flame, Int+2}
  1681 | D:2      | 1681 ||| SWAPPING to +7 sling of Pandemonium {flame,
                  | Int+2}.
  1682 | D:2      | 1682 ||| DROPPING +0 shortbow.
  1814 | D:2      | 1814 ||| UPGRADING to +6 ring of strength.
  1815 | D:2      | 1815 ||| DROPPING ring of flight.
  1816 | D:2      | 1816 ||| READING scroll labelled ZEUKHU GAAN.
  1817 | D:2      | 1817 ||| READING scroll labelled FOYWEOD ATEDY.
  1818 | D:2      | 1818 ||| READING 2 scrolls labelled CISSAUKAECH.
  1819 | D:2      | 1819 ||| READING scroll labelled ESAYBU SADIUWKYL.
  1820 | D:2      | 1820 ||| DROPPING scroll of amnesia.
  1895 | D:3      | 1895 ||| INVOKING Spit Poison.
  1915 | D:3      | 1915 ||| INVOKING Spit Poison.
  1934 | D:3      | Found a bloodstained altar of Trog.
  1935 | D:3      | Noticed a wizard
  1940 | D:3      | Killed a wizard
  2037 | D:3      | 2037 ||| INVOKING Spit Poison.
  2100 | D:3      | Noticed Terence
  2101 | D:3      | 2101 ||| INVOKING Spit Poison.
  2105 | D:3      | 2105 ||| INVOKING Spit Poison.
  2108 | D:3      | 2108 ||| INVOKING Spit Poison.
  2109 | D:3      | HP: 5/40 [Terence/+0 mace (9)]
  2110 | D:3      | 2110 ||| READING scroll of teleportation.
  2111 | D:3      | Slain by Terence

Levels and vault maps discovered:
D:1:      dpeg_arrival_lava_temple_mockup, layout_basic,
          ebering_ecumenical_altar_rust, serial_shops, shop
D:2:      layout_basic, basic_altar, serial_forest, infiniplex_forest_fountain,
          infiniplex_forest_straight_5, infiniplex_forest_lined_3,
          infiniplex_forest_clump_tiny, infiniplex_forest_straight_3,
          infiniplex_forest_clump_tiny, infiniplex_forest_clump_large,
          infiniplex_forest_lined_room_, minmay_unequal
D:3:      cheibrodos_greedy_goblins, layout_loops_corners, old_standard_altar,
          trog_wizard, minmay_cut_off, uniq_terence, uniq_jessica

Skill      XL: |  1  2  3 |
---------------+----------+-----
Ranged Weapons | 4 5 |  5.0
Fighting       | |  2.4
Dodging        | |  1.5
Stealth        | |  1.5

Action                     |  1- 3 |  4- 6 || total
---------------------------+-------+-------++-------
   Fire: Shortbow          |    51 |    15 ||    66
         Sling             |       |     9 ||     9
Ability: Spit Poison       |    24 |    11 ||    35
    Use: Scroll            |     4 |     5 ||     9
 Armour: Leather armour    |     6 |     1 ||     7
  Dodge: Dodged            |    12 |     4 ||    16

Table legend:
 A = Non-vault XP
 B = Vault XP
 C = Vault XP percentage of total XP
 D = Non-vault monster count
 E = Vault monster count
 F = Vault count percentage of total count
                 A         B        C        D         E       F
            +---------+---------+-------+---------+---------+-------
      Total |     105 |      14 |  11.8 |      32 |       2 |   5.9
            +---------+---------+-------+---------+---------+-------
        D:1 |      41 |       0 |   0.0 |      18 |       0 |   0.0
        D:2 |      58 |      14 |  19.4 |      11 |       2 |  15.4
        D:3 |       6 |       0 |   0.0 |       3 |       0 |   0.0
            +---------+---------+-------+---------+---------+-------
